 Dungeon Crawl Stone Soup version 0.23-b1-67-g8bd44de (webtiles) character file.

Game seed: 10106670284424339208

51 redwoodhats the Cudgeler (level 3, -2/24 HPs)
             Began as a Tengu Berserker on Feb 5, 2019.
             Was a Follower of Trog.
             Killed by divine providence
             ... invoked by an orc priest
              (14 damage)
             ... on level 2 of the Dungeon.
             The game lasted 00:08:16 (1864 turns).

redwoodhats the Cudgeler (Tengu Berserker)          Turns: 1864, Time: 00:08:16

Health: -2/24      AC:  2    Str: 20    XL:     3   Next: 83%
Magic:  4/4        EV: 13    Int:  7    God:    Trog [*.....]
Gold:   59         SH:  0    Dex: 13    Spells: 2/2 levels left

rFire    . . .     SeeInvis .   f - +0 hunting sling (curse)
rCold    . . .     Gourm    .   (no shield)
rNeg     . . .     Faith    .   b - +0 animal skin
rPois    .         Spirit   .   (helmet restricted)
rElec    .         Reflect  .   (no cloak)
rCorr    .         Harm     .   (no gloves)
MR       .....                  (boots unavailable)
Stlth    +.........             (no amulet)
HPRegen  0.08/turn              (no ring)
MPRegen  0.09/turn              (no ring)

@: no status effects
A: beak, horns 1, talons 3, strong 1
a: Berserk, Renounce Religion


You were on level 2 of the Dungeon.
You worshipped Trog.
Trog was aware of your devotion.
You were not hungry.

You visited 1 branch of the dungeon, and saw 2 of its levels.

You collected 59 gold pieces.

Inventory:

Hand Weapons
 a - a +1 mace
 f - a cursed +0 hunting sling (weapon)
Missiles
 e - 12 sling bullets (quivered)
 j - 6 javelins
Armour
 b - a +0 animal skin (worn)
Jewellery
 h - an uncursed ring of resist corrosion {unknown}
Scrolls
 d - 3 scrolls of fear
 g - a scroll of amnesia {unknown}
Potions
 c - a potion of brilliance {unknown}
Comestibles
 i - a ration


   Skills:
 + Level 3.8 Fighting
 + Level 4.0 Maces & Flails
 + Level 0.2 Slings
 + Level 2.3 Armour
 + Level 2.4 Dodging
 + Level 0.3 Stealth


You had 2 spell levels left.
You didn't know any spells.
Your spell library was empty.

Dungeon Overview and Level Annotations

Branches:
Dungeon (2/15)

Altars:
Ru
Uskayaw


Innate Abilities, Weirdness & Mutations

You have a beak for a mouth.
You have claws for feet.
You have a pair of small horns on your head.
Your muscles are strong. (Str +2)


Message History

Trog accepts your kill.
The orc priest miscasts a cantrip.
The orc moves out of view.
Firing (i - inventory. (/) - cycle)
e - 14 sling bullets (quivered)
Press: ? - help, Shift-Dir - straight line, f - orc priest
Aim: an orc priest, wielding a +0 flail You shoot a sling bullet.
The sling bullet hits the orc priest.
The orc priest is heavily wounded.
The orc priest invokes the aid of Beogh against you.
Beogh smites you!
Ouch! That really hurt!
Firing (i - inventory. (/) - cycle)
e - 13 sling bullets (quivered)
Press: ? - help, Shift-Dir - straight line, f/p - orc priest
Aim: an orc priest, wielding a +0 flail (heavily wounded)
You shoot a sling bullet. The sling bullet hits the orc priest!
The orc priest is almost dead.
The orc priest mumbles some strange prayers to Beogh against you.
Beogh smites you!
Ouch! That really hurt!
You die...

....# #.##.≈.#
#...# #.##...#
o. #####
#.##.≈.# o.
#.##...# o#
#<##≈_≈# (#
#.##≈≈≈# (#
#.###### .#
#.####.####.##.#
#.........@....#
################


You could see an orc priest and 2 orcs.

Vanquished Creatures
  An adder (D:2)
  An ooze (D:1)
  A worm (D:2)
  A dart slug (D:1)
  An orc (D:2)
  A giant cockroach (D:2)
  3 goblins
  5 hobgoblins
  2 jackals (D:2)
  2 kobolds (D:1)
  3 ball pythons (D:1)
  4 bats
  3 frilled lizards (D:2)
  6 rats
34 creatures vanquished.

Notes
Turn   | Place    | Note
-------+----------+-------------------------------------------
     0 | D:1      | redwoodhats the Tengu Berserker began the quest for the
                  | Orb.
     0 | D:1      | Reached XP level 1. HP: 14/14 MP: 2/2
   207 | D:1      | Reached XP level 2. HP: 18/19 MP: 3/3
   657 | D:1      | Reached XP level 3. HP: 23/23 MP: 4/4
   956 | D:1      | Gained mutation: Your muscles are strong. (Str +2) [potion
                  | of mutation]
   956 | D:1      | Gained mutation: You have a pair of small horns on your
                  | head. [potion of mutation]
  1371 | D:2      | Reached skill level 4 in Maces & Flails
  1555 | D:2      | Found a faded altar of an unknown god.
  1656 | D:2      | Found a hide-covered altar of Uskayaw.
  1828 | D:2      | Found a sacrificial altar of Ru.
  1864 | D:2      | Killed from afar by an orc priest

Skill      XL: |  1  2  3 |
---------------+----------+-----
Maces & Flails | 4 |  4.0
Fighting       | |  3.8
Slings         | |  0.2
Armour         | |  2.3
Dodging        | |  2.4
Stealth        | |  0.3

Action                   || total
-------------------------++-------
Melee: Mace              ||    37
       Peck              ||     6
       Kick              ||    10
       Headbutt          ||     1
 Fire: Hunting sling     ||    40
Invok: Berserk           ||     2
  Use: Scroll            ||     3
       Potion            ||     2
  Eat: Ration            ||     2
Armor: Animal skin       ||    13
Dodge: Dodged            ||    46
